 Dungeon Crawl Stone Soup version 0.21.0 (webtiles) character file.

13443 HungrySpirit the Thaumaturge (level 11, -1/57 HPs)
             Began as a Deep Elf Artificer on Jan 7, 2018.
             Was an Elder of Vehumet.
             Slain by a white ugly thing (6 damage)
             ... in an ice cave.
             The game lasted 01:02:00 (16395 turns).

HungrySpirit the Thaumaturge (Deep Elf Artificer)  Turns: 16395, Time: 01:02:01

Health: -1/57      AC:  8    Str:  9    XL:     11   Next: 75%
Magic:  2/28       EV: 17    Int: 22    God:    Vehumet [****..]
Gold:   279        SH:  5    Dex: 15    Spells: 18/32 levels left

rFire    . . .     SeeInvis .   D - staff of wizardry
rCold    + . .     Gourm    .   (no shield)
rNeg     . . .     Faith    .   b - +0 leather armour
rPois    .         Spirit   .   h - +2 helmet
rElec    .         Reflect  +   z - +1 cloak
rCorr    .         Harm     .   (no gloves)
MR       +....                  (no boots)
Stlth    ++........             p - +5 amulet of reflection
HPRegen  0.19/turn              (no ring)
MPRegen  0.21/turn              F - ring "Goiw" {rC+ Int+2}

@: no status effects
A: no striking features
a: Renounce Religion


You were in an ice cave.
You worshipped Vehumet.
Vehumet was greatly pleased with you.
You were not hungry.

You visited 2 branches of the dungeon, and saw 12 of its levels.
You also visited: Ice Cave.

You collected 561 gold pieces.
You spent 282 gold pieces at shops.

Inventory:

Hand Weapons
 c - a +2 rapier of venom
Armour
 b - a +0 leather armour (worn)
 h - a +2 helmet (worn)
 z - a +1 cloak (worn)
 B - a +0 buckler
Magical Staves
 D - an uncursed staff of wizardry (weapon)
Jewellery
 a - an uncursed ring of ice
 e - an uncursed ring of flight
 n - an uncursed ring of positive energy
 p - a +5 amulet of reflection (around neck)
 r - an uncursed ring of fire
 y - a +2 ring of dexterity
 A - an uncursed ring of protection from magic
 F - the ring "Goiw" (right hand) {rC+ Int+2}
   (You found it on level 10 of the Dungeon)

   [ring of intelligence]

   It affects your intelligence (+2).
   It protects you from cold.
Wands
 d - a wand of enslavement (2)
 C - a wand of random effects (26)
 M - a wand of clouds (6)
 O - a wand of iceblast (8)
Scrolls
 i - 6 scrolls of teleportation
 k - 3 scrolls of remove curse
 s - 2 scrolls of enchant armour
 u - 5 scrolls of identify
 v - 2 scrolls of blinking
 w - a scroll of enchant weapon
 x - a scroll of fog
 E - a scroll of amnesia
 G - a scroll of magic mapping
 H - a scroll of immolation {unknown}
 L - a scroll of summoning {unknown}
Potions
 g - 3 potions of curing
 l - 3 potions of haste {unknown}
 m - 2 potions of agility
 o - 3 potions of berserk rage {unknown}
 q - 3 potions of flight {unknown}
 t - 2 potions of magic {unknown}
 I - a potion of lignification
 J - a potion of cancellation
 K - a potion of might
Books
 j - a book of Misfortune

   Spells                             Type                      Level
   a - Confusing Touch                Hexes                        1
   b - Confuse                        Hexes                        3
   c - Gell's Gravitas                Translocation                3
   d - Petrify                        Transmutation/Earth          4
   e - Metabolic Englaciation         Hexes/Ice                    5
   f - Yara's Violent Unravelling     Hexes/Transmutation          5
Comestibles
 f - 9 rations


   Skills:
 - Level 2.0 Fighting
 - Level 8.2 Short Blades
 - Level 9.1 Dodging
 - Level 1.2 Stealth
 * Level 11.3 Spellcasting
 + Level 9.3 Conjurations
 + Level 5.2 Hexes
 + Level 9.3 Fire Magic
 - Level 3.2 Evocations


You had 18 spell levels left.
You knew the following spells:

 Your Spells              Type           Power        Failure   Level  Hunger
a - Flame Tongue          Conj/Fire      #####        1%          1    None
b - Sticky Flame          Conj/Fire      ######..     1%          4    None
c - Apportation           Tloc           ##....       3%          1    None
d - Confuse               Hex            #####...     1%          3    None
e - Fireball              Conj/Fire      ######....   1%          5    ####...


Dungeon Overview and Level Annotations

Branches:
Dungeon (11/15)            Temple (1/1) D:6            Lair (0/6) D:10
    Orc (0/2) D:11

Altars:
Ashenzari
Dithmenos
Elyvilon
Fedhas
Hepliaklqana
Kikubaaqudgha
Makhleb
Nemelex Xobeh
Okawaru
Qazlal
Ru
Trog
Uskayaw
Vehumet
Wu Jian
Xom
Yredelemnul
Zin
The Shining One

Shops:
D:8 (   D:9 :   D:11 *

Annotations:
D:4 pstr's ghost, amateur SpEE
D:6 aimeelou's ghost, amateur GnSk
D:9 Tovarisch's ghost, novice DDFi
D:10 exclusion: ice statue


Message History

The white ugly thing is heavily wounded.
The white ugly thing is covered in liquid flames!
The white ugly thing burns!
The white ugly thing closely misses you.
Casting: Sticky Flame
Confirm with . or Enter, or press ? or * to list all spells.
Aiming: Sticky Flame
Press: ? - help, Shift-Dir - straight line, f/p - white ugly thing
Aim: a white ugly thing (severely wounded, covered in liquid flames)
The sticky flame hits the white ugly thing.
The white ugly thing is severely wounded.
The white ugly thing burns!
The white ugly thing headbutts you!
* * * LOW HITPOINT WARNING * * *
The white ugly thing freezes you! You resist.
* * * LOW HITPOINT WARNING * * *
You feel better.
The white ugly thing burns!
The white ugly thing headbutts you!
* * * LOW HITPOINT WARNING * * *
The white ugly thing freezes you. You resist.
You die...

##.......##
##.....##
###.###
##.....##
##.......##
#.........#
#.........#
#........[#
#....@...)#
#)(..u..[.#
#####.#####
#.........#
#.........#
#.........#
#.........#
#.........#
##.......##


You could see a white ugly thing (burning).

Vanquished Creatures
  2 two-headed ogres (D:8)
  2 unseen horrors
  2 ugly things
  Joseph (D:8)
  3 ice statues (IceCv)
  A gargoyle (D:10)
  2 dream sheep (D:9)
  A hippogriff (D:10)
  2 wyverns
  A yak (D:10)
  A hungry ghost (D:10)
  Edmund (D:6)
  Menkaure (D:7)
  2 floating eyes (D:9)
  3 porcupines (D:10)
  7 orc warriors
  8 ice beasts
  A hornet zombie (D:7)
  4 phantoms
  4 black bears
  2 necrophages
  2 sky beasts
  3 centaurs
  6 ogres
  2 big kobolds
  8 bullfrogs
  An elf skeleton (D:9)
  A wyvern skeleton (D:10)
  10 orc wizards
  2 scorpions
  8 killer bees
  5 wights
  A troll skeleton (D:9)
  A centaur zombie (D:9)
  6 howler monkeys
  5 crimson imps
  A quasit (D:7)
  5 hounds
  3 human zombies (D:9)
  5 orc priests
  7 jellies
  Crazy Yiuf (D:5)
  3 iguanas
  A human skeleton (D:9)
  7 worker ants
  A mummy (D:9)
  A worker ant zombie (D:9)
  8 gnolls
  14 adders
  A shadow imp (D:8)
  2 oozes
  3 adder skeletons
  3 worms
  2 dart slugs (D:2)
  6 leopard geckos
  42 orcs
  A ball python (D:3)
  5 bats
  2 giant cockroaches
  14 goblins
  3 hobgoblins
  3 jackals (D:6)
  8 kobolds
  7 quokkas
  6 frilled lizards
  A jackal skeleton (D:9)
  A jackal zombie (D:8)
  A leopard gecko skeleton (D:7)
  3 orc zombies (D:9)
  A quokka skeleton (D:4)
  7 rats
  A fungus (D:10)
  2 plants (D:10)
294 creatures vanquished.

Vanquished Creatures (collateral kills)
  A centaur (D:9)
  A water moccasin skeleton (D:9)
  3 killer bees (D:8)
  A howler monkey (D:9)
  An orc wizard (D:7)
  2 orc priests
  A leopard gecko (D:9)
  4 orcs
14 creatures vanquished.

Vanquished Creatures (others)
  4 killer bees
  An orc priest (D:3)
  3 orcs (D:9)
  29 fungi (D:10)
  18 plants
55 creatures vanquished.

Grand Total: 363 creatures vanquished

Notes
Turn   | Place    | Note
-------+----------+-------------------------------------------
     0 | D:1      | HungrySpirit the Deep Elf Artificer began the quest for the Orb.
     0 | D:1      | Reached XP level 1. HP: 11/11 MP: 5/5
   188 | D:1      | You fall through a shaft!
   202 | D:2      | Reached skill level 1 in Fighting
   220 | D:2      | Reached XP level 2. HP: 12/16 MP: 6/6
   780 | D:2      | Reached XP level 3. HP: 17/20 MP: 7/7
  1362 | D:3      | Reached XP level 4. HP: 16/25 MP: 8/8
  1775 | D:3      | Noticed an ogre
  1778 | D:3      | Killed an ogre
  1778 | D:3      | Reached XP level 5. HP: 28/30 MP: 9/9
  2002 | D:3      | Found a hide-covered altar of Uskayaw.
  2004 | D:3      | Found a white marble altar of Elyvilon.
  2258 | D:4      | Noticed pstr's ghost (amateur SpEE)
  2426 | D:4      | Found a glowing silver altar of Zin.
  2429 | D:4      | Noticed an angel
  2432 | D:4      | Found a shimmering altar of Xom.
  2648 | D:3      | Reached skill level 1 in Spellcasting
  2801 | D:4      | Reached XP level 6. HP: 23/35 MP: 10/10
  3115 | D:3      | Reached skill level 2 in Spellcasting
  3890 | D:5      | Entered Level 5 of the Dungeon
  3924 | D:5      | Reached skill level 5 in Short Blades
  3924 | D:5      | Reached skill level 3 in Spellcasting
  3991 | D:5      | Reached skill level 5 in Dodging
  3991 | D:5      | Reached XP level 7. HP: 37/40 MP: 12/14
  4013 | D:5      | Found a runed door.
  4423 | D:5      | Reached skill level 4 in Spellcasting
  4794 | D:5      | Noticed Crazy Yiuf
  4799 | D:5      | Killed Crazy Yiuf
  4983 | D:6      | Noticed aimeelou's ghost (amateur GnSk)
  5393 | D:6      | Found a staircase to the Ecumenical Temple.
  5401 | Temple   | Entered the Ecumenical Temple
  5409 | Temple   | Became a worshipper of Vehumet
  5530 | D:6      | Noticed Edmund
  5572 | D:6      | Killed Edmund
  5572 | D:6      | Reached XP level 8. HP: 22/44 MP: 15/17
  5806 | D:6      | Reached skill level 5 in Spellcasting
  6266 | D:6      | Reached * piety under Vehumet
  6266 | D:6      | Offered knowledge of Flame Tongue by Vehumet.
  6270 | D:6      | Learned a level 1 spell: Flame Tongue
  6391 | D:6      | Found an iron altar of Okawaru.
  6609 | D:7      | Reached skill level 1 in Conjurations
  6609 | D:7      | Reached skill level 1 in Fire Magic
  7189 | D:7      | Reached skill level 6 in Spellcasting
  7262 | D:7      | Noticed Menkaure
  7635 | D:6      | Reached XP level 9. HP: 38/48 MP: 20/20
  8537 | D:7      | Offered knowledge of Searing Ray by Vehumet.
  8540 | D:7      | Killed Menkaure
  8590 | D:7      | Reached ** piety under Vehumet
  9181 | D:8      | Reached skill level 7 in Spellcasting
  9256 | D:8      | Noticed a two-headed ogre
  9419 | D:7      | Reached skill level 5 in Fire Magic
  9427 | D:8      | Reached skill level 5 in Conjurations
  9677 | D:8      | Noticed a two-headed ogre
  9683 | D:8      | Killed a two-headed ogre
  9683 | D:8      | Reached XP level 10. HP: 52/53 MP: 21/23
  9717 | D:8      | Found Laupp's Weapon Shoppe.
 10006 | D:8      | Bought a throwing net for 42 gold pieces
 10027 | D:8      | Killed a two-headed ogre
 10027 | D:8      | Offered knowledge of Inner Flame by Vehumet.
 10170 | D:8      | Noticed Joseph
 10360 | D:8      | Killed Joseph
 10360 | D:8      | Reached skill level 8 in Spellcasting
 10420 | D:9      | Reached *** piety under Vehumet
 10482 | D:9      | Noticed a two-headed ogre
 10866 | D:9      | Found Xupuakhau's Book Shoppe.
 10869 | D:9      | Noticed Tovarisch's ghost (novice DDFi)
 11548 | D:8      | Offered knowledge of Sticky Flame by Vehumet.
 11766 | D:9      | Learned a level 4 spell: Sticky Flame
 11796 | D:9      | Learned a level 1 spell: Apportation
 12188 | D:9      | Found a basalt altar of Yredelemnul.
 12806 | D:9      | Reached **** piety under Vehumet
 12929 | D:9      | Bought a book of Misfortune for 240 gold pieces
 12933 | D:9      | Learned a level 3 spell: Confuse
 12959 | D:9      | Noticed a three-headed hydra
 13092 | D:10     | Entered Level 10 of the Dungeon
 13121 | D:10     | Offered knowledge of Fireball by Vehumet.
 13121 | D:10     | Reached skill level 1 in Hexes
 13128 | D:10     | Learned a level 5 spell: Fireball
 13204 | D:10     | Noticed a cyan ugly thing
 13231 | D:10     | Killed a cyan ugly thing
 13231 | D:10     | Reached skill level 9 in Spellcasting
 13231 | D:10     | Reached XP level 11. HP: 34/57 MP: 18/26
 14041 | D:10     | Got a bound turquoise ring
 14074 | D:9      | Identified the ring "Goiw" {rC+ Int+2} (You found it on level 10 of the Dungeon)
 14240 | D:10     | Found a staircase to the Lair.
 14446 | D:10     | Reached skill level 10 in Spellcasting
 14780 | D:10     | Killed an unseen horror
 15322 | D:11     | Found Vaenejoh's General Store.
 15324 | D:11     | Found a staircase to the Orcish Mines.
 15447 | D:11     | Noticed an unseen horror
 15447 | D:11     | Killed an unseen horror
 15454 | D:11     | Found a frozen archway.
 15602 | IceCv    | Entered an ice cave
 15650 | IceCv    | Noticed a white ugly thing
 15670 | IceCv    | Killed a white ugly thing
 15670 | IceCv    | Reached skill level 11 in Spellcasting
 16239 | IceCv    | Reached skill level 5 in Hexes
 16381 | IceCv    | Noticed a white ugly thing
 16395 | IceCv    | Slain by a white ugly thing

Skill      XL: |  1  2  3  4  5  6  7  8  9 10 11 |
---------------+----------------------------------+-----
Fighting       | 1 2 |  2.0
Short Blades   | 2 3 4 5 6 7 8 |  8.2
Dodging        | 3 4 5 6 7 9 |  9.1
Spellcasting   | 1 3 4 6 7 9 11 | 11.3
Conjurations   | 3 5 8 9 |  9.3
Fire Magic     | 3 5 8 9 |  9.3
Hexes          | 1 5 |  5.2
Stealth        | |  1.2
Evocations     | |  3.2

Action                   |  1- 3 |  4- 6 |  7- 9 | 10-12 || total
-------------------------+-------+-------+-------+-------++-------
Melee: Short sword       |   145 |    93 |       |       ||   238
       Rapier            |       |    81 |   368 |   318 ||   767
       Staff             |       |       |       |     1 ||     1
Throw: Throwing net      |       |       |       |     2 ||     2
 Cast: Flame Tongue      |       |       |    75 |   114 ||   189
       Sticky Flame      |       |       |       |    78 ||    78
       Fireball          |       |       |       |    33 ||    33
Evoke: Wand              |     4 |    17 |    21 |    13 ||    55
  Use: Potion            |       |     1 |     3 |     5 ||     9
       Scroll            |       |       |     4 |     8 ||    12
 Stab: Distracted        |     2 |       |     1 |       ||     3
       Sleeping          |     2 |     2 |     2 |       ||     6
       Betrayed ally     |       |     1 |       |       ||     1
       Paralysed         |       |       |     2 |       ||     2
       Held in net/web   |       |       |       |     1 ||     1
  Eat: Chunk             |     1 |     9 |    13 |    17 ||    40
       Ration            |       |       |     2 |     4 ||     6
Armor: Leather armour    |    44 |    31 |    78 |    79 ||   232
Dodge: Dodged            |    96 |    98 |   338 |   288 ||   820
Block: Other             |    14 |    33 |   107 |    96 ||   250
       Reflection        |       |     4 |    13 |     8 ||    25
